 Dungeon Crawl Stone Soup version 0.30-a0-586-g23e55c9e0a (webtiles) character file.

Game seed: 8321799675655377073

15209 Bnni the Skirmisher (level 12, -6/104 HPs)
             Began as a Formicid Hexslinger on Jan 3, 2023.
             Was an Elder of Dithmenos.
             Mangled by a wolf (8 damage)
             ... in a Gauntlet.
             The game lasted 00:36:02 (14070 turns).

Bnni the Skirmisher (Formicid Hexslinger)          Turns: 14070, Time: 00:36:03

Health: -6/104     AC:  5    Str: 14    XL:     12   Next: 54%
Magic:  11/18      EV: 13    Int: 21    God:    Dithmenos [****..]
Gold:   956        SH: 15    Dex: 16    Spells: 4/19 levels left

rFire   + . .      SeeInvis +    a - +0 shortbow
rCold   + + .      Faith    .    g - +2 kite shield {rPois}
rNeg    . . .      Spirit   .    c - +0 robe
rPois   +          Reflect  +    (helmet unavailable)
rElec   .          Harm     .    y - scarf {rC+ rF+}
rCorr   .          Rampage  .    (no gloves)
Will    +....                    r - +0 pair of boots
Stlth   ++                       M - amulet of reflection
HPRegen 0.37/turn                S - +6 ring of intelligence
MPRegen 0.16/turn                u - ring of protection from cold

@: wreathed by umbra
A: permanent stasis, dig shafts and tunnels, antennae 3, four strong arms,
hooves 1, iridescent scales 1, dopey 1, robust 1
a: Dig, Renounce Religion, Shadow Step


You were in a Gauntlet.
You worshipped Dithmenos.
Dithmenos was greatly pleased with you.
You visited 1 branch of the dungeon, and saw 12 of its levels.
You also visited: Bailey and Gauntlet.

You collected 975 gold pieces.
You spent 19 gold pieces at shops.

Inventory:

Hand Weapons
 a - a +0 shortbow (weapon)
 i - the +9 dire flail of Alempoma {pain, rElec Int+7}
   (You found it on level 2 of the Dungeon)

   In the hands of one skilled in necromantic magic, it inflicts extra damage on
   living creatures.
   Int:       It affects your intelligence (+7).
   rElec:     It insulates you from electricity.
Missiles
 f - 4 curare-tipped darts
 O - 2 throwing nets
Armour
 c - a +0 robe (worn)
 g - a +2 kite shield of poison resistance (worn)
 o - a +0 cloak
 r - a +0 pair of boots (worn)
 y - a scarf of resistance (worn)
Jewellery
 u - a ring of protection from cold (right hand)
 J - a ring of poison resistance
 M - an amulet of reflection (around neck)
 Q - a ring of protection from cold
 S - a +6 ring of intelligence (left hand)
Wands
 w - a wand of mindburst (9)
 C - a wand of flame (44)
 I - a wand of paralysis (12)
 L - a wand of roots (20)
Scrolls
 b - 2 scrolls of poison
 h - 2 scrolls of blinking {unknown}
 l - 3 scrolls of acquirement {unknown}
 n - 5 scrolls of magic mapping {unknown}
 t - 4 scrolls of summoning
 x - 4 scrolls of enchant weapon
 A - a scroll of fear
 F - 5 scrolls of immolation
 G - 4 scrolls of enchant armour
 K - a scroll of torment
 P - a scroll of amnesia
 R - a scroll of noise {unknown}
 T - 3 scrolls of brand weapon {unknown}
Potions
 d - a potion of magic
 e - 3 potions of degeneration {unknown}
 j - a potion of experience {unknown}
 k - 3 potions of mutation
 m - 2 potions of attraction
 p - 4 potions of haste {unknown}
 q - 6 potions of heal wounds
 s - a potion of berserk rage {unknown}
 v - 3 potions of might
 z - 4 potions of flight {unknown}
 B - a potion of curing
 D - 2 potions of ambrosia
 E - a potion of cancellation {unknown}
 H - a potion of lignification {unknown}
 N - 2 potions of brilliance {unknown}


   Skills:
 + Level 9.2 Fighting
 * Level 12.1 Ranged Weapons
 + Level 5.7 Dodging
 * Level 0.7 Shields
 - Level 4.0 Spellcasting
 - Level 11.0 Hexes
 - Level 5.0 Necromancy
 - Level 3.0 Translocations
 - Level 3.0 Fire Magic


You had 4 spell levels left.
You knew the following spells:

 Your Spells              Type           Power      Damage    Failure   Level
a - Slow                  Hex            100%       N/A       1%          1
b - Inner Flame           Hex/Fire       33%        N/A       5%          3
c - Portal Projectile     Hex/Tloc       66%        N/A       5%          3
d - Cause Fear            Hex            25%        N/A       3%          4
h - Anguish               Hex/Necr       18%        N/A       12%         4

Your spell library contained the following spells:

 Spells                   Type           Power      Damage    Failure   Level
 Confusing Touch          Hex            50%        N/A       1%          3
 Ensorcelled Hibernation  Hex/Ice        54%        N/A       4%          2
 Vampiric Draining        Necr           25%        2d7       12%         3
 Foxfire                  Conj/Fire      40%        2x1d6     17%         1
 Cigotuvi's Dreadful Rot  Necr/Pois/Air  22%        N/A       24%         2
 Dispel Undead            Necr           25%        3d12      36%         4
 Spider Form              Tmut/Pois      4%         N/A       67%         3
 Animate Armour           Summ/Erth      8%         N/A       97%         4
 Fireball                 Conj/Fire      5%         3d5       99%         5
 Death Channel            Necr           12%        N/A       99%         6
 Blade Hands              Tmut           2%         N/A       100%        5
 Iron Shot                Conj/Erth      2%         9d2       100%        6
 Starburst                Conj/Fire      5%         6d4       100%        6


Dungeon Overview and Level Annotations

Branches:
Dungeon (12/15)            Temple (0/1) D:7            Lair (0/5) D:9
    Orc (0/2) D:9          Bailey (visited)         Gauntlet (1/1)

Altars:
Cheibriados
Dithmenos
Elyvilon
Gozag
Hepliaklqana
Kikubaaqudgha
Qazlal
Trog
Xom
Yredelemnul
Zin
The Shining One

Shops:
D:7 *   D:8 :

Annotations:
Gauntlet 15 transporters, exclusions: obsidian statue and oklob plant


Innate Abilities, Weirdness & Mutations

You cannot be hasted, slowed, berserked, paralysed or teleported.
You can dig through walls and to a lower floor.
You have a pair of large antennae on your head. (SInv)
Your four strong arms can wield two-handed weapons with a shield.
You have large cloven feet.
You are partially covered in iridescent scales. (AC +2)
You are dopey. (Int -2)
You are robust. (+10% HP)


Message History

The moth of wrath closely misses you. The wolf bites you but does no damage.
Fire: a) +0 shortbow
Press: ? - help, Shift-Dir - straight line, f/p - wolf
Aim: a wolf (heavily wounded, berserk, anguished, umbra, 56% to hit)
You shoot an arrow.
The arrow hits the wolf but does no damage.
The wolf is heavily wounded.
The wolf closely misses you. The wolf bites you.
The wolf is wracked by anguish.
The moth of wrath barely misses you.
Fire: a) +0 shortbow
Press: ? - help, Shift-Dir - straight line, f/p - wolf
Aim: a wolf (severely wounded, berserk, anguished, umbra, 56% to hit)
You shoot an arrow. The arrow completely misses the wolf.
The wolf barely misses you. The wolf misses you. You block the wolf's attack.
The moth of wrath barely misses you. The wolf barely misses you.
Fire: a) +0 shortbow
Press: ? - help, Shift-Dir - straight line, f/p - wolf
Aim: a wolf (severely wounded, berserk, anguished, umbra, 56% to hit)
You shoot an arrow. The arrow barely misses the wolf.
You block the wolf's attack. The wolf bites you. You block the wolf's attack.
The moth of wrath bites you.
The moth of wrath is wracked by anguish.
The wolf barely misses you. x2; You block the wolf's attack.
The wolf bites you.
Fire: a) +0 shortbow
Press: ? - help, Shift-Dir - straight line, f/p - wolf
Aim: a wolf (severely wounded, berserk, anguished, umbra, 56% to hit)
You shoot an arrow. The arrow hits the wolf.
The wolf is severely wounded.
The wolf bites you!
* * * LOW HITPOINT WARNING * * *
The wolf is wracked by anguish!
You block the wolf's attack. x2
The wolf misses you. The wolf bites you.
* * * LOW HITPOINT WARNING * * *
The moth of wrath bites you!!
* * * LOW HITPOINT WARNING * * *
The moth of wrath is wracked by anguish!!
The moth of wrath dies!
Dithmenos accepts your kill. The wolf barely misses you. The wolf bites you!
You die...

#########################
#≈............§∩≈........
###........................
#8#..###########...########
###..#.........#...#.......
#....#.........#.∩.#..##.##
###....#..#...#..#...#.##...#
#8#..###[...†h...#...#.#.....
###..#©#©...@h...#©.©#D...©..
#..#.#....hh...#...#.#D....
###..#.#?.#...#..#...#.##...#
#8#..#.#.........#...#..##.##
#######..#.#.........#...#.......
#........#.###########...########
#........#.#...........§.........
...#######.#######....≈8≈....####
...#©...........©#.....≈.....#©..


You could see 4 wolves.

Vanquished Creatures
  Harold (D:9)
  A two-headed ogre (D:9)
  Amaemon (D:8)
  A deep elf pyromancer (D:12)
  A cyclops (D:12)
  An orange demon (D:8)
  Joseph (D:7)
  Psyche (D:8)
  A kobold demonologist (D:12)
  A komodo dragon (D:9)
  A troll (D:10)
  Prince Ribbit (D:9)
  Sigmund (D:2)
  2 shadows (D:11)
  2 wyverns
  17 yaks
  A vampire (D:12)
  2 steam dragons
  A warg (D:9)
  A water moccasin (D:6)
  Duvessa (D:3)
  A sky beast (D:8)
  9 orc warriors
  A black bear (D:6)
  3 ogres
  3 phantoms
  3 centaurs
  2 kobold brigands (D:9)
  3 bullfrogs
  A gnoll sergeant (D:11)
  2 necrophages
  3 scorpions
  10 wights
  Dowan (D:3)
  7 killer bees (D:9)
  2 electric eels (D:8)
  3 howler monkeys
  4 crimson imps (D:12)
  3 hounds
  3 jellies
  4 orc priests
  13 orc wizards
  4 iguanas
  6 gnolls
  5 adders
  3 white imps
  2 ufetubi
  6 worms
  2 dart slugs
  44 orcs
  9 ball pythons
  5 endoplasms
  3 giant cockroaches
  4 goblins
  4 hobgoblins
  3 jackals (D:5)
  2 quokkas
  9 bats
  2 frilled lizards
  12 kobolds
  4 rats
250 creatures vanquished.

Vanquished Creatures (others)
  An orc knight (Bailey)
  A cyclops (D:11)
  A moth of wrath (Gauntlet)
  A vampire (D:10)
  A wyvern (D:9)
  3 yaks
  2 basilisks (D:9)
  2 orc warriors (D:9)
  3 centaurs
  A wight (D:8)
  2 killer bees (D:9)
  10 fungi (Gauntlet)
  15 plants (Gauntlet)
43 creatures vanquished.

Grand Total: 293 creatures vanquished

Notes
Turn   | Place    | Note
-------+----------+-------------------------------------------
     0 | D:1      | Bnni the Formicid Hexslinger began the quest for the Orb.
     0 | D:1      | Reached XP level 1. HP: 15/15 MP: 2/2
    59 | D:1      | Found a faded altar of an unknown god.
   223 | D:1      | Reached XP level 2. HP: 21/21 MP: 3/3
   663 | D:2      | Reached skill level 1 in Fire Magic
   663 | D:2      | Reached XP level 3. HP: 26/26 MP: 5/5
   669 | D:2      | Learned a level 3 spell: Inner Flame
   671 | D:2      | Identified the +9 dire flail of Alempoma {pain, rElec
                  | Int+7}
  1379 | D:2      | Reached XP level 4. HP: 23/32 MP: 6/6
  1464 | D:2      | Noticed Sigmund
  1470 | D:2      | Killed Sigmund
  1471 | D:2      | Reached skill level 3 in Ranged Weapons
  1471 | D:2      | Reached XP level 5. HP: 21/38 MP: 6/8
  1471 | D:2      | Reached XP level 6. HP: 24/44 MP: 6/9
  1479 | D:2      | Learned a level 4 spell: Cause Fear
  1738 | D:3      | Reached skill level 5 in Hexes
  1894 | D:3      | Identified the +0 chain mail of Filth {rPois}
  1903 | D:3      | Found a basalt altar of Yredelemnul.
  2227 | D:4      | Noticed Dowan
  2229 | D:4      | Noticed Duvessa
  2673 | D:4      | Found an ancient bone altar of Kikubaaqudgha.
  3184 | D:5      | Entered Level 5 of the Dungeon
  3230 | D:3      | Gained mutation: You are partially covered in iridescent
                  | scales. (AC +2) [potion of mutation]
  3230 | D:3      | Gained mutation: You are dopey. (Int -2) [potion of
                  | mutation]
  3230 | D:3      | Gained mutation: You have large cloven feet. [potion of
                  | mutation]
  3230 | D:3      | Gained mutation: You are robust. (+10% HP) [potion of
                  | mutation]
  3239 | D:3      | Killed Duvessa
  3240 | D:3      | Reached skill level 4 in Ranged Weapons
  3240 | D:3      | Reached XP level 7. HP: 20/56 MP: 3/10
  3255 | D:3      | Killed Dowan
  3256 | D:3      | Reached skill level 1 in Translocations
  3690 | D:5      | Reached XP level 8. HP: 59/63 MP: 12/12
  3766 | D:5      | Found a hazy altar of Hepliaklqana.
  3784 | D:5      | Reached skill level 5 in Ranged Weapons
  3877 | D:5      | Learned a level 3 spell: Portal Projectile
  4202 | D:5      | Found a shimmering altar of Xom.
  4506 | D:5      | Found a shadowy altar of Dithmenos.
  4506 | D:5      | Found a white marble altar of Elyvilon.
  4534 | D:5      | Became a worshipper of Dithmenos the Shadowed
  5045 | D:6      | Reached XP level 9. HP: 38/71 MP: 14/14
  5503 | D:6      | Reached skill level 6 in Ranged Weapons
  5973 | D:7      | Found Dasoenk's Assorted Antiques.
  5982 | D:7      | Bought a sedimented red potion for 19 gold pieces
  6049 | D:7      | Found a flagged portal.
  6058 | D:7      | Identified the +11 halberd of Iconoclasm {venom, Drain
                  | rPois Dex+6}
  6062 | Bailey   | Entered a bailey
  6115 | Bailey   | Reached * piety under Dithmenos
  6116 | Bailey   | Reached skill level 5 in Fighting
  6179 | Bailey   | Learned a level 4 spell: Anguish
  6186 | Bailey   | Reached skill level 7 in Ranged Weapons
  6333 | Bailey   | Reached skill level 1 in Necromancy
  6334 | Bailey   | Noticed an orc knight
  6348 | Bailey   | Killed an orc knight
  6349 | Bailey   | Reached XP level 10. HP: 9/83 MP: 2/16
  6647 | D:7      | Found a snail-covered altar of Cheibriados.
  6707 | D:7      | Found an opulent altar of Gozag.
  6761 | D:7      | Noticed Joseph
  6767 | D:7      | Killed Joseph
  6768 | D:7      | Reached skill level 8 in Ranged Weapons
  6979 | D:7      | Found a staircase to the Ecumenical Temple.
  7131 | D:8      | Noticed Amaemon
  7135 | D:8      | Noticed an orange demon
  7139 | D:8      | Killed Amaemon
  7140 | D:8      | Reached skill level 10 in Hexes
  7149 | D:8      | Killed an orange demon
  7323 | D:8      | Found a glowing golden altar of the Shining One.
  7420 | D:8      | Noticed Psyche
  7430 | D:8      | Killed Psyche
  7501 | D:8      | Reached ** piety under Dithmenos
  7953 | D:8      | Reached skill level 9 in Ranged Weapons
  7974 | D:8      | Found Feagg's Self-Improvement Boutique.
  8270 | D:8      | Found a bloodstained altar of Trog.
  8553 | D:8      | Reached XP level 11. HP: 80/91 MP: 17/17
  9527 | D:9      | Noticed a two-headed ogre
  9527 | D:9      | Noticed Prince Ribbit
  9537 | D:9      | Killed a two-headed ogre
  9538 | D:9      | Reached skill level 10 in Ranged Weapons
  9565 | D:9      | Killed Prince Ribbit
  9701 | D:9      | Noticed Harold
  9703 | D:9      | Reached *** piety under Dithmenos
  9719 | D:9      | Killed Harold
  9922 | D:9      | Found a staircase to the Orcish Mines.
 10494 | D:9      | Found a staircase to the Lair.
 10823 | D:9      | Found a glowing silver altar of Zin.
 10976 | D:10     | Entered Level 10 of the Dungeon
 11519 | D:10     | Found a stormy altar of Qazlal.
 11531 | D:10     | Reached skill level 11 in Ranged Weapons
 11948 | D:10     | Reached XP level 12. HP: 91/103 MP: 13/18
 12311 | D:11     | Reached skill level 5 in Dodging
 12746 | D:11     | Reached **** piety under Dithmenos
 13263 | D:12     | Found a shimmering altar of Xom.
 13310 | D:12     | Reached skill level 5 in Necromancy
 13571 | D:12     | Reached skill level 12 in Ranged Weapons
 13657 | D:12     | Found a gate leading to a gauntlet.
 13674 | Gauntlet | Entered a Gauntlet
 13674 | Gauntlet | Found a transporter.
 13674 | Gauntlet | Found a transporter.
 13705 | Gauntlet | Found a transporter.
 13705 | Gauntlet | Found a transporter.
 13712 | Gauntlet | Noticed a glowing orange brain
 13713 | Gauntlet | Noticed a blizzard demon
 13714 | Gauntlet | Found a transporter.
 13739 | Gauntlet | Found a transporter.
 13743 | Gauntlet | Found a transporter.
 13746 | Gauntlet | Noticed a dire elephant
 13750 | Gauntlet | Found the +2 hood of the Assassin {Detection Stab+ Stlth++}
 13751 | Gauntlet | Found a transporter.
 13751 | Gauntlet | Noticed a death yak
 13752 | Gauntlet | Noticed a death yak
 13754 | Gauntlet | Noticed a death yak
 13755 | Gauntlet | Noticed a death yak
 13759 | Gauntlet | Noticed a death yak
 13762 | Gauntlet | Noticed a death yak
 13764 | Gauntlet | Found a transporter.
 13773 | Gauntlet | Found a transporter.
 13793 | Gauntlet | Found a transporter.
 13839 | Gauntlet | Found a transporter.
 13857 | Gauntlet | Found a transporter.
 13866 | Gauntlet | Found a transporter.
 13957 | Gauntlet | Found a transporter.
 13973 | Gauntlet | Found a transporter.
 14070 | Gauntlet | HP: 2/104 [moth of wrath (21)]
 14070 | Gauntlet | Mangled by a wolf

Illustrated notes

Levels and vault maps discovered:
D:1:      dpeg_arrival_rooms_a, layout_basic, shapermc_ecumenical_altar_pompeii
D:2:      layout_basic, bh_walls_and_bars, uniq_sigmund
D:3:      layout_rooms, general_overflow_altar
D:4:      layout_gridville, nicolae_kikubaaqudgha_miasma_corner, uniq_duvessa
D:5:      layout_layer_cave, nicolae_overflow_hidden_temple,
          lemuel_coloured_pillars_altar, jmf_multi_god_temple,
          nicolae_kite_square_tiling_tiny, ebering_dispersal_statue_hall,
          minmay_crystal_room, minivault_11, kennysheep_small_square
D:6:      layout_basic, kennysheep_diamond
D:7:      layout_rooms, nicolae_overflow_crystal_walls,
          mainiacjoe_overflow_alcove_4, minmay_temple_entry_proselytizer,
          enter_bailey_2, serial_shops, nicolae_shop_hallway_plus, uniq_joseph
D:8:      layout_loops_corners, kennysheep_mini_moat, tso_metal_star,
          minmay_statues_item, nicolae_shop_self_help, uniq_amaemon, uniq_psyche
D:9:      layout_cave_pods, mainiacjoe_overflow_surrounded_room,
          erik_lair_dragon, david_orc_3, uniq_prince_ribbit1, uniq_harold
D:10:     layout_roguey, mainiacjoe_overflow_24_doors
D:11:     layout_rooms
D:12:     layout_irregular_city, gauntlet_entry_generic, led_xom_imps
Gauntlet: gammafunk_gauntlet_branching [gammafunk_gauntlet_arena_hedges,
          gammafunk_gauntlet_arena_split_diamond,
          gammafunk_gauntlet_arena_corners, nicolae_gauntlet_arena_quarters,
          nicolae_gauntlet_arena_grate_2, gammafunk_gauntlet_arena_arrow_garden,
          gammafunk_gauntlet_arena_spirals, nicolae_gauntlet_arena_blocks,
          dreamdust_gauntlet_exit_labyrinth]

Skill      XL: |  1  2  3  4  5  6  7  8  9 10 11 12 |
---------------+-------------------------------------+-----
Fire Magic     | 1 2 3 |  3.0
Hexes          | 4 5 6 7 9 10 11 | 11.0
Fighting       | 2 3 4 5 6 8 9 |  9.2
Ranged Weapons | 3 4 5 7 9 11 12 | 12.1
Spellcasting   | 2 3 4 |  4.0
Translocations | 1 3 |  3.0
Necromancy     | 2 3 4 5 |  5.0
Dodging        | 2 4 5 |  5.7
Shields        | |  0.7

Action                   |  1- 3 |  4- 6 |  7- 9 | 10-12 || total
-------------------------+-------+-------+-------+-------++-------
Melee: Dire flail        |    23 |    66 |    61 |    10 ||   160
       Punch             |       |     1 |     1 |       ||     2
 Fire: Sling             |    61 |    18 |   105 |       ||   184
       Shortbow          |       |       |   150 |   655 ||   805
Throw: Dart              |       |       |     8 |     6 ||    14
 Cast: Slow              |     1 |       |    12 |    18 ||    31
       Inner Flame       |       |     2 |    20 |    30 ||    52
       Anguish           |       |       |     3 |    37 ||    40
       Cause Fear        |       |       |       |     7 ||     7
       Portal Projectile |       |       |       |     6 ||     6
 Abil: Dig               |       |     1 |     1 |     5 ||     7
  Use: Scroll            |       |     2 |     4 |     4 ||    10
       Potion            |       |     3 |     2 |     2 ||     7
 Stab: Sleeping          |     1 |     1 |       |       ||     2
Armor: Robe              |    14 |    17 |    57 |    69 ||   157
Dodge: Dodged            |    43 |    42 |   161 |   266 ||   512
Block: Other             |       |       |       |    44 ||    44
       Reflection        |       |       |       |     5 ||     5
       Kite shield       |       |       |       |    14 ||    14

Table legend: (Time is in decaauts)
 A = Elapsed time spent in this place.
 B = Non-inter-level travel time spent in this place.
 C = Inter-level travel time spent in this place.
 D = Time resting spent in this place.
 E = Time spent auto-exploring this place.
 F = Levels seen in this place.
 G = Mean time per level.
                   A        B        C        D        E       F      G
               +--------+--------+--------+--------+--------+-----+--------+
         Total |  14150 |  13644 |    506 |   2353 |   8731 |  14 | 1010.7 |
       Dungeon |  13189 |  12683 |    506 |   2085 |   8349 |  12 | 1099.1 |
        Bailey |    566 |    566 |      0 |    268 |     92 |   1 |  566.0 |
      Gauntlet |    394 |    394 |      0 |      0 |    290 |   1 |  394.0 |
               +--------+--------+--------+--------+--------+-----+--------+

Top non-repeatable levels by time:
     D:9: 2188 daAuts
     D:8: 1663 daAuts
     D:5: 1458 daAuts
    D:10: 1319 daAuts
     D:2: 1024 daAuts
     D:4: 1019 daAuts
     D:6: 1008 daAuts
    D:11: 931 daAuts
     D:3: 757 daAuts
     D:7: 744 daAuts
     D:1: 649 daAuts
  Bailey: 566 daAuts
    D:12: 426 daAuts
Gauntlet: 394 daAuts
